[Event "Titled Tuesday Blitz September 28 2021"]
[White "Warmerdam, Max"]
[Black "Borsuk, Konstantin"]
[WhiteFideId "1048104"]
[BlackFideId "14113406"]
[WhiteElo "2537"]
[BlackElo "2414"]
[Result "1-0"]
[Round "09"]
[TimeControl "180+1"]
[Date "2021.09.28"]
[WhiteClock "0:02:36"]
[BlackClock "0:02:26"]

1. e4 e6 2. d4 d5 3. Nc3 Bb4 4. e5 b6 5. a3 Bf8 6. h4 Ne7 7. h5 h6 8. Nce2 c5 9. c3 Ba6 10. Nf3 Qd7 11. Nf4 Bxf1 12. Kxf1 Nbc6 13. g3 Na5 14. Kg2 Qb5 15. b4 cxb4 16. cxb4 Nc4 17. Rb1 Nc6 18. a4 1-0


[Site "https://www.chess.com"]

[Event "Titled Tuesday Blitz September 28 2021"]
[White "Yoo, Christopher Woojin"]
[Black "Lewtak, Damian"]
[WhiteFideId "30909694"]
[BlackFideId "1141724"]
[WhiteElo "2105"]
[BlackElo "2231"]
[Result "1-0"]
[Round "09"]
[TimeControl "180+1"]
[Date "2021.09.28"]
[WhiteClock "0:00:12"]
[BlackClock "0:01:48"]

1. e4 e6 2. d4 d5 3. Bd3 dxe4 4. Bxe4 Nf6 5. Bf3 Nbd7 6. Ne2 Bd6 7. O-O O-O 8. Nbc3 e5 9. Bg5 h6 10. Bh4 g5 11. Bg3 g4 12. Be4 Nxe4 13. Nxe4 f5 14. Nxd6 cxd6 15. dxe5 dxe5 16. Qd5+ Kg7 17. Bxe5+ Nxe5 18. Qxe5+ Qf6 19. Qxf6+ Kxf6 20. Nf4 Bd7 21. Rfe1 Rac8 22. Nd5+ Kg7 23. c3 Rfe8 24. Rad1 Kf7 25. f3 gxf3 26. gxf3 Be6 27. Kf2 Rcd8 28. Nc7 Rxd1 29. Rxd1 Rc8 30. Nxe6 Kxe6 31. Rd4 Rc6 32. Rb4 b6 33. Ra4 a5 34. Ke3 Kf6 35. Rd4 Kg5 36. h4+ Kg6 37. Kf4 b5 38. Ke5 Rc5+ 39. Rd5 Rc4 40. Rxb5 Rxh4 41. Rxa5 Rh2 42. Ra6+ Kg5 43. f4+ Kg4 44. Rg6+ Kh5 45. Rg1 Rxb2 46. a4 Kh4 47. Kxf5 Ra2 48. Kg6 Rxa4 49. f5 Rc4 50. f6 Rxc3 51. f7 Rc8 52. Rh1+ Kg4 53. Rxh6 Kf4 54. Kg7 Kg5 55. Rh8 Rc7 56. Kg8 Kg6 57. f8=Q Rc5 58. Rh6+ Kg5 59. Qf6+ 1-0


[Site "https://www.chess.com"]

[Event "Titled Tuesday Blitz September 28 2021"]
[White "Zhigalko, Sergei"]
[Black "Aitbayev, Aslan"]
[WhiteFideId "13502956"]
[BlackFideId "13704613"]
[WhiteElo "2888"]
[BlackElo "2774"]
[Result "1/2-1/2"]
[Round "09"]
[TimeControl "180+1"]
[Date "2021.09.28"]
[WhiteClock "0:00:05"]
[BlackClock "0:00:03"]

1. e4 e6 2. d4 d5 3. e5 c5 4. c3 Nc6 5. Nf3 Bd7 6. a3 Nge7 7. Bd3 cxd4 8. cxd4 Nf5 9. Bxf5 exf5 10. Nc3 Be6 11. Bg5 Qd7 12. h4 h6 13. Bf4 Be7 14. O-O O-O 15. b4 Rfc8 16. Qd2 Kh7 17. Rfc1 Nd8 18. Qd3 Kg8 19. Qe3 Bf8 20. Nd2 Rc7 21. Qg3 Kh7 22. Qd3 Rac8 23. Nf1 Be7 24. g3 b6 25. Bd2 Kh8 26. Ne3 a5 27. bxa5 bxa5 28. a4 Bb4 29. Nb5 Rxc1+ 30. Rxc1 Rxc1+ 31. Bxc1 Nc6 32. Qc2 Be7 33. Bd2 Nb4 34. Qc3 Kh7 35. Ng2 Qc6 36. Qxc6 Nxc6 37. Nf4 Kg8 38. Kf1 g5 39. hxg5 hxg5 40. Nh3 f4 41. Kg2 fxg3 42. Kxg3 Bxh3 43. Kxh3 f6 44. exf6 Bxf6 45. Kg4 Nxd4 46. Bxa5 Nc6 47. Bd2 Kf7 48. Bxg5 Be5 49. Bf4 Ke6 50. Bxe5 Nxe5+ 51. Kg3 Nc4 52. Nc3 Ke5 53. Nd1 d4 54. Kf3 Kd5 55. Ke2 Ne5 56. Nb2 Ke4 57. Nd1 d3+ 58. Kf1 Nc4 59. Nc3+ Kd4 60. Nd1 Kc5 61. Ke1 Kb4 62. f4 Kxa4 63. Nf2 Kb4 64. Nxd3+ Kc3 65. Ne5 Nd6 66. Kf2 Kd4 67. Kf3 Kd5 68. Kg4 Ke6 69. Nf3 Kf6 70. Ng5 Nf5 71. Kf3 Nh4+ 72. Ke4 Ng6 73. Nh7+ Kg7 74. f5 Kxh7 75. fxg6+ Kxg6 1/2-1/2


[Site "https://www.chess.com"]

[Event "Titled Tuesday Blitz September 28 2021"]
[White "pawel83"]
[Black "Sieciechowicz, Marcin"]
[BlackFideId "1130170"]
[WhiteElo "2442"]
[BlackElo "2318"]
[Result "1-0"]
[Round "09"]
[TimeControl "180+1"]
[Date "2021.09.28"]
[WhiteClock "0:01:44"]
[BlackClock "0:00:07"]

1. d4 Nf6 2. Nf3 g6 3. c4 Bg7 4. Nc3 O-O 5. e4 d6 6. Be2 e5 7. dxe5 dxe5 8. Qxd8 Rxd8 9. Bg5 c6 10. Nd2 h6 11. Bh4 g5 12. Bg3 Nbd7 13. f3 Re8 14. Bf2 Bf8 15. a3 Bc5 16. Nb3 Bxf2+ 17. Kxf2 Nf8 18. Rhd1 Be6 19. Na5 Rab8 20. c5 Ng6 21. Nc4 Bxc4 22. Bxc4 Kf8 23. Rd6 Ke7 24. Rad1 Nf8 25. Ke3 N8d7 26. b4 Rec8 27. Ne2 Rc7 28. Ng3 Kf8 29. Nf5 h5 30. Nh6 b6 31. Nxf7 bxc5 32. bxc5 g4 33. Ng5 gxf3 34. Ne6+ 1-0


[Site "https://www.chess.com"]

[Event "Titled Tuesday Blitz September 28 2021"]
[White "Aghasiyev, Kamal"]
[Black "Kanyamarala, Tarun"]
[WhiteFideId "13402854"]
[BlackFideId "45004714"]
[WhiteElo "2210"]
[BlackElo "2077"]
[Result "0-1"]
[Round "10"]
[TimeControl "180+1"]
[Date "2021.09.28"]
[WhiteClock "0:01:44"]
[BlackClock "0:01:50"]

1. d4 Nf6 2. c4 e6 3. g3 d5 4. Nf3 h6 5. Bg2 Bd6 6. Nbd2 O-O 7. O-O b6 8. Qc2 Bb7 9. cxd5 exd5 10. Nh4 Re8 11. Nf5 Rxe2 12. b3 Nc6 13. a3 Ne7 14. Ne3 Ba6 15. Rd1 c5 16. dxc5 Bxc5 17. Bb2 Bxe3 18. fxe3 Rc8 19. Qb1 Ng4 20. Nf1 Rcc2 0-1


[Site "https://www.chess.com"]

[Event "Titled Tuesday Blitz September 28 2021"]
[White "AleksanderHnydiuk"]
[Black "Siva Mahadevan"]
[BlackFideId "25043153"]
[WhiteElo "2614"]
[BlackElo "2203"]
[Result "0-1"]
[Round "10"]
[TimeControl "180+1"]
[Date "2021.09.28"]
[WhiteClock "0:00:02"]
[BlackClock "0:00:45"]

1. e4 c5 2. Nf3 Nc6 3. Bb5 Na5 4. O-O a6 5. Be2 b5 6. a4 b4 7. d4 cxd4 8. Nxd4 Bb7 9. c3 e6 10. cxb4 Bxb4 11. Bd2 Qb6 12. Nc2 Bxd2 13. Nxd2 Nf6 14. b4 Nc6 15. Nc4 Qc7 16. b5 axb5 17. axb5 Rxa1 18. Qxa1 Ne7 19. e5 Ne4 20. Qa3 Nf5 21. Bd3 d5 22. Bxe4 dxc4 23. Bxf5 exf5 24. Ne3 g6 25. Rc1 Qe7 26. Nxc4 Qxa3 27. Nxa3 Kd7 28. Nc4 Ke6 29. Na5 Bd5 30. b6 Rb8 31. b7 Kd7 32. Rd1 Ke6 33. Rb1 Kxe5 34. f3 Kd6 35. Kf2 Kc7 36. Kg3 Bxb7 37. Kf4 f6 38. g4 fxg4 39. fxg4 Bd5 40. Rxb8 Kxb8 41. Ke3 Kc7 42. Kd4 Kd6 43. h4 f5 44. gxf5 gxf5 45. h5 f4 46. Kd3 Ke5 47. h6 f3 48. Ke3 Kf5 49. Kf2 Kf4 0-1


[Site "https://www.chess.com"]

[Event "Titled Tuesday Blitz September 28 2021"]
[White "Andreikin, Dmitry"]
[Black "Demidov, Mikhail"]
[WhiteFideId "4158814"]
[BlackFideId "4197143"]
[WhiteElo "2736"]
[BlackElo "2546"]
[Result "0-1"]
[Round "10"]
[TimeControl "180+1"]
[Date "2021.09.28"]
[WhiteClock "0:00:10"]
[BlackClock "0:00:16"]

1. Nf3 g6 2. e4 Bg7 3. d4 d6 4. Bc4 Nf6 5. Qe2 Nc6 6. e5 dxe5 7. dxe5 Ng4 8. e6 Bxe6 9. Bxe6 fxe6 10. Ng5 Nd4 11. Qxg4 Nxc2+ 12. Ke2 Nxa1 13. Nxe6 Qd6 14. Nxg7+ Kf7 15. Bh6 Qe5+ 16. Kf3 Rhf8 17. Qc4+ e6 18. Na3 Ke7+ 19. Kg4 Rxf2 20. Kh3 Raf8 21. Qh4+ Kd7 22. Nc4 Qd5 23. Rxa1 Qxg2# 0-1


[Site "https://www.chess.com"]

[Event "Titled Tuesday Blitz September 28 2021"]
[White "Aradhya, Garg"]
[Black "Al-Tarboush, Ward"]
[WhiteFideId "25006746"]
[BlackFideId "7601450"]
[WhiteElo "2146"]
[BlackElo "2319"]
[Result "1-0"]
[Round "10"]
[TimeControl "180+1"]
[Date "2021.09.28"]
[WhiteClock "0:01:35"]
[BlackClock "0:00:01"]

1. d4 d5 2. c4 c6 3. Nc3 Nf6 4. cxd5 cxd5 5. Bf4 Nc6 6. e3 Bg4 7. Qb3 Na5 8. Qa4+ Bd7 9. Qc2 e6 10. Bd3 Nc6 11. a3 Nh5 12. Nf3 Nxf4 13. exf4 Bd6 14. Qd2 Qf6 15. Ne2 O-O 16. Ne5 Rfd8 17. Rc1 Be8 18. h4 h6 19. Qe3 Rac8 20. Rh3 Ne7 21. Ng4 Nf5 22. Nxf6+ gxf6 23. Bxf5 exf5 24. Rg3+ Kf8 25. Nc3 Bc6 26. Kd2 Re8 27. Qf3 Re6 28. Nxd5 Rd8 29. Rxc6 bxc6 30. Ne3 Re4 31. Nxf5 Rxf4 32. Qh5 Rxf2+ 33. Ke3 Bxg3 34. Qxh6+ Ke8 35. Nxg3 Rxb2 36. Qxf6 Kd7 37. Ne4 Kc7 38. Nc5 Rxg2 39. Qxf7+ Kd6 40. Qe6+ 1-0


[Site "https://www.chess.com"]

[Event "Titled Tuesday Blitz September 28 2021"]
[White "Avramidou, Anastasia"]
[Black "Moroni, Luca Jr"]
[WhiteFideId "4239873"]
[BlackFideId "865834"]
[WhiteElo "2183"]
[BlackElo "2491"]
[Result "0-1"]
[Round "10"]
[TimeControl "180+1"]
[Date "2021.09.28"]
[WhiteClock "0:00:12"]
[BlackClock "0:00:36"]

1. Nf3 g6 2. d4 Bg7 3. e4 d6 4. Nc3 Nf6 5. Be3 O-O 6. Qd2 d5 7. e5 Ne4 8. Nxe4 dxe4 9. Ng5 c5 10. Nxe4 cxd4 11. Bxd4 Nc6 12. Bc3 Qxd2+ 13. Nxd2 Nxe5 14. O-O-O Bf5 15. h3 Rac8 16. g4 Be6 17. Bg2 b5 18. Rhe1 Rxc3 19. bxc3 Bxa2 20. f4 Nc4 21. Nxc4 Bxc4 22. Rxe7 a5 23. Ra7 a4 24. Bd5 Bxd5 25. Rxd5 Bxc3 26. Rxb5 Re8 27. Rd5 Re4 28. Rd3 Re1+ 29. Rd1 Re4 30. Rd3 Rc4 31. f5 gxf5 32. gxf5 Kg7 33. Kd1 Kf6 34. Ke2 Bb2 35. Rd6+ Kxf5 36. Rxf7+ Ke5 37. Ra6 Rxc2+ 38. Kd3 Rc3+ 39. Kd2 a3 40. Rxh7 Rg3 41. h4 Kd4 42. Rd7+ Kc4 43. Rc7+ Kb3 44. Rb7+ Ka2 45. h5 Rh3 46. h6 Kb1 47. h7 Rh2+ 48. Ke3 a2 49. Kf4 a1=Q 50. Rxa1+ Kxa1 51. Kg5 Bh8 52. Kg6 Rg2+ 53. Kf7 Rg7+ 0-1


[Site "https://www.chess.com"]

[Event "Titled Tuesday Blitz September 28 2021"]
[White "Azarov, Sergei"]
[Black "Hansen, Eric"]
[WhiteFideId "13501470"]
[BlackFideId "2606771"]
[WhiteElo "2494"]
[BlackElo "2568"]
[Result "1-0"]
[Round "10"]
[TimeControl "180+1"]
[Date "2021.09.28"]
[WhiteClock "0:00:09"]
[BlackClock "0:00:01"]

1. e4 c5 2. Nf3 e6 3. d4 cxd4 4. Nxd4 a6 5. Be2 Nf6 6. Nc3 Qc7 7. O-O Bb4 8. Bg5 Nc6 9. Nxc6 bxc6 10. Bxf6 gxf6 11. Na4 Bd6 12. h3 c5 13. Bc4 Rb8 14. Qe2 Qc6 15. b3 Bb7 16. Rad1 h5 17. Rd3 Be7 18. Bd5 Qc7 19. Bxb7 Rxb7 20. c4 Qc6 21. Nc3 h4 22. Qg4 Kf8 23. Rfd1 d6 24. f4 Rg8 25. Qe2 Rb8 26. Kh1 Ke8 27. f5 Kd7 28. Re3 Rg5 29. Nd5 Rbg8 30. Nf4 Bd8 31. Qf2 Rg3 32. Rxg3 Rxg3 33. Nh5 Rg5 34. fxe6+ fxe6 35. Nxf6+ Kc8 36. Qf4 Re5 37. Ng4 Qxe4 38. Qxe4 Rxe4 39. Kg1 Be7 40. Kf2 d5 41. Kf3 1-0


[Site "https://www.chess.com"]

[Event "Titled Tuesday Blitz September 28 2021"]
[White "Babiy, Olga"]
[Black "Gelman, Alexander"]
[WhiteFideId "14117258"]
[BlackFideId "4118316"]
[WhiteElo "2253"]
[BlackElo "2375"]
[Result "0-1"]
[Round "10"]
[TimeControl "180+1"]
[Date "2021.09.28"]
[WhiteClock "0:00:02"]
[BlackClock "0:00:08"]

1. d4 Nf6 2. Nf3 c5 3. d5 e6 4. c4 b5 5. Nc3 b4 6. Na4 exd5 7. cxd5 Bb7 8. Bg5 d6 9. e4 Be7 10. Bb5+ Nbd7 11. e5 Nxd5 12. exd6 Bxg5 13. Nxc5 O-O 14. Nxd7 Re8+ 15. Kf1 Be3 16. Qd3 Bb6 17. Nxb6 Qxb6 18. Ng5 g6 19. Bc4 Nf4 20. Bxf7+ Kg7 21. Qd2 Ba6+ 22. Kg1 Ne2+ 23. Kf1 Re5 0-1


[Site "https://www.chess.com"]

[Event "Titled Tuesday Blitz September 28 2021"]
[White "Begmuratov, Khumoyun"]
[Black "Svane, Rasmus"]
[WhiteFideId "14210207"]
[BlackFideId "4657101"]
[WhiteElo "1948"]
[BlackElo "2643"]
[Result "0-1"]
[Round "10"]
[TimeControl "180+1"]
[Date "2021.09.28"]
[WhiteClock "0:00:13"]
[BlackClock "0:00:24"]

1. e4 c6 2. Nc3 d5 3. Nf3 dxe4 4. Nxe4 Nf6 5. Qe2 Nxe4 6. Qxe4 Qa5 7. Bc4 Bf5 8. Qf4 e6 9. O-O Be7 10. c3 O-O 11. d4 Nd7 12. Re1 Rac8 13. Ne5 Qc7 14. Qg3 Nxe5 15. dxe5 Rfd8 16. Be3 b5 17. Be2 Rd5 18. Bf4 Rcd8 19. h4 Kf8 20. h5 h6 21. a4 b4 22. c4 R5d7 23. Be3 Qa5 24. Bf3 Bc5 25. Bf4 Qc7 26. Qh2 Rd3 27. Be2 Rb3 28. g4 Bh7 29. g5 hxg5 30. Bxg5 Rxb2 31. h6 Rd4 32. Qg3 Re4 33. Kf1 Qxe5 34. Rad1 f6 35. hxg7+ Ke7 36. Qh4 Rxh4 37. Bxh4 Qh2 0-1


[Site "https://www.chess.com"]

[Event "Titled Tuesday Blitz September 28 2021"]
[White "Bluebaum, Matthias"]
[Black "Stribuk, Artiom"]
[WhiteFideId "24651516"]
[BlackFideId "13515659"]
[WhiteElo "2681"]
[BlackElo "2224"]
[Result "1-0"]
[Round "10"]
[TimeControl "180+1"]
[Date "2021.09.28"]
[WhiteClock "0:00:08"]
[BlackClock "0:00:06"]

1. d4 Nf6 2. Nf3 g6 3. Nc3 Bg7 4. e4 d5 5. e5 Ne4 6. Bd3 Nxc3 7. bxc3 c5 8. h3 Qa5 9. Bd2 c4 10. Be2 Nc6 11. O-O Bf5 12. a4 h6 13. Qb1 Qc7 14. Nh4 Bd7 15. f4 e6 16. Nf3 f5 17. exf6 Bxf6 18. Ne5 Nxe5 19. fxe5 Be7 20. Qa2 Bc6 21. Bc1 O-O-O 22. Ba3 Rdf8 23. Bg4 Qd7 24. a5 h5 25. Be2 Rf5 26. Rf3 Rhf8 27. Raf1 Rxf3 28. Rxf3 Rxf3 29. Bxf3 Bd8 30. Bc5 a6 31. Bb4 Qf7 32. Qb1 Qf4 33. Qe1 Bh4 34. Qe2 Bg3 35. Ba3 Ba4 36. Kf1 g5 37. Kg1 h4 38. Kf1 Kd7 39. Bb2 Bh2 40. Qd1 Qe3 41. Qe1 Qxe1+ 42. Kxe1 Bxc2 43. Bc1 Bg3+ 44. Kd2 Bf5 45. Kd1 Bf4 46. Bxf4 gxf4 47. Ke2 Kc6 48. Bh5 Kb5 49. Kf3 Kxa5 50. Kxf4 Kb6 51. Bg4 Bxg4 52. hxg4 a5 53. g5 a4 54. g6 a3 55. g7 a2 56. g8=Q a1=Q 57. Qxe6+ Ka7 58. Qxd5 Qc1+ 59. Kf5 Qxc3 60. e6 Qd3+ 61. Kf6 c3 62. e7 Qf1+ 63. Kg7 Qe1 64. Qa5+ Kb8 65. Qe5+ Qxe5+ 66. dxe5 c2 67. e8=Q+ Ka7 68. Qc8 c1=Q 69. Qxc1 1-0


[Site "https://www.chess.com"]

[Event "Titled Tuesday Blitz September 28 2021"]
[White "Bologan, Victor"]
[Black "Przybylski, Wojciech"]
[WhiteFideId "13900048"]
[BlackFideId "1117599"]
[WhiteElo "2511"]
[BlackElo "2285"]
[Result "1-0"]
[Round "10"]
[TimeControl "180+1"]
[Date "2021.09.28"]
[WhiteClock "0:00:42"]
[BlackClock "0:00:01"]

1. e4 e5 2. Nf3 Nc6 3. Bc4 Nf6 4. d3 Be7 5. O-O O-O 6. Re1 d6 7. a4 Na5 8. Ba2 c5 9. Nc3 Be6 10. Nd5 Nc6 11. c3 Bg4 12. Ne3 Be6 13. Bb1 Re8 14. Ng5 Bd7 15. Ba2 Rf8 16. h3 h6 17. Nf3 Nh5 18. Nd5 Nf6 19. Ne3 Nh5 20. Nf5 Nf4 21. Bxf4 exf4 22. Nxe7+ Qxe7 23. d4 cxd4 24. cxd4 Nb4 25. Bc4 Be6 26. d5 Bd7 27. a5 Rfc8 28. Rc1 Qd8 29. e5 Qxa5 30. Qd2 b5 31. Bb3 Rxc1 32. Rxc1 Rc8 33. e6 Rxc1+ 34. Qxc1 Be8 35. Qxf4 Qa1+ 36. Kh2 Nd3 37. Qd4 1-0


[Site "https://www.chess.com"]

[Event "Titled Tuesday Blitz September 28 2021"]
[White "Bonte, Andrei-Mihai"]
[Black "Vivas Zamora, Fabian Ernesto"]
[WhiteFideId "1210297"]
[BlackFideId "3902480"]
[WhiteElo "2171"]
[BlackElo "1966"]
[Result "0-1"]
[Round "10"]
[TimeControl "180+1"]
[Date "2021.09.28"]
[WhiteClock "0:00:04"]
[BlackClock "0:01:09"]

1. d4 Nf6 2. c4 g6 3. Nc3 d5 4. cxd5 Nxd5 5. e4 Nxc3 6. bxc3 Bg7 7. Nf3 c5 8. Be2 Nc6 9. d5 Bxc3+ 10. Bd2 Bxa1 11. Qxa1 Nd4 12. Nxd4 cxd4 13. Qxd4 O-O 14. Bh6 f6 15. Bxf8 Kxf8 16. O-O Bd7 17. Rb1 Qc7 18. f3 b6 19. Ba6 Rd8 20. Qd2 b5 21. Bxb5 Rb8 22. d6 Qc5+ 23. Kh1 Rxb5 0-1


[Site "https://www.chess.com"]

[Event "Titled Tuesday Blitz September 28 2021"]
[White "Bortnyk, Olexandr"]
[Black "Oparin, Grigoriy"]
[WhiteFideId "14120828"]
[BlackFideId "24125890"]
[WhiteElo "2723"]
[BlackElo "2604"]
[Result "0-1"]
[Round "10"]
[TimeControl "180+1"]
[Date "2021.09.28"]
[WhiteClock "0:00:05"]
[BlackClock "0:01:19"]

1. e4 e5 2. Nf3 Nc6 3. Bb5 Nf6 4. d3 d6 5. O-O a6 6. Bxc6+ bxc6 7. d4 exd4 8. Nxd4 c5 9. Nc6 Qd7 10. Na5 Qa4 11. Bd2 Be7 12. b3 Qd7 13. Nc3 O-O 14. h3 Re8 15. Qf3 c6 16. Rad1 Bd8 17. Nc4 d5 18. exd5 cxd5 19. Bg5 d4 20. Qxa8 Bb7 21. Qb8 Qc6 22. Qg3 Nh5 23. Qf3 Bxg5 24. Qxc6 Bxc6 25. Na4 Nf4 26. g3 Nxh3+ 27. Kh2 Re6 28. f4 Rh6 29. fxg5 Nxg5+ 30. Kg1 Nh3+ 31. Kh2 Nf4+ 32. Kg1 Rh1+ 33. Kf2 Rh2+ 34. Kg1 Rg2+ 35. Kh1 Rf2+ 36. Kg1 Nh3# 0-1


[Site "https://www.chess.com"]

[Event "Titled Tuesday Blitz September 28 2021"]
[White "Brunner, Nicolas"]
[Black "Yuan, Qingyu"]
[WhiteFideId "620246"]
[BlackFideId "8609772"]
[WhiteElo "2372"]
[BlackElo "2359"]
[Result "1-0"]
[Round "10"]
[TimeControl "180+1"]
[Date "2021.09.28"]
[WhiteClock "0:00:06"]
[BlackClock "0:00:04"]

1. d4 d5 2. c4 e6 3. Nf3 Be7 4. g3 Nf6 5. Bg2 O-O 6. O-O dxc4 7. Qc2 a6 8. Qxc4 b5 9. Qc2 Bb7 10. Bd2 Be4 11. Qc1 Nbd7 12. Ba5 Rc8 13. Nbd2 Bd5 14. Qc2 Qe8 15. e4 Bb7 16. b4 Nb6 17. Ne5 Bd6 18. f4 h6 19. Rac1 Be7 20. Nc6 Ng4 21. Rfe1 Qd7 22. Nxe7+ Qxe7 23. h3 Nf6 24. Qc5 Qd7 25. Bxb6 cxb6 26. Qxb6 Rfd8 27. Rxc8 Qxc8 28. Nb3 Nd7 29. Qa7 Qc3 30. Rc1 Qe3+ 31. Kh2 Bxe4 32. Qc7 Bxg2 33. Qxd8+ Nf8 34. Kxg2 Qe2+ 35. Kg1 Qxa2 36. Rc8 Qxb3 37. Qxf8+ Kh7 38. Qxf7 Qxg3+ 39. Kf1 Qf3+ 40. Ke1 Qe3+ 41. Kd1 Qd3+ 42. Kc1 Qa3+ 43. Kd2 Qxb4+ 44. Rc3 Qxd4+ 45. Rd3 Qf2+ 46. Kc3 Qc5+ 47. Kb2 1-0


[Site "https://www.chess.com"]

[Event "Titled Tuesday Blitz September 28 2021"]
[White "Costachi, Mihnea"]
[Black "Rodchenkov, Vitaly"]
[WhiteFideId "1217518"]
[BlackFideId "4152964"]
[WhiteElo "2482"]
[BlackElo "2337"]
[Result "1-0"]
[Round "10"]
[TimeControl "180+1"]
[Date "2021.09.28"]
[WhiteClock "0:00:36"]
[BlackClock "0:00:10"]

1. d4 Nf6 2. c4 e6 3. Nf3 b6 4. g3 Bb7 5. Bg2 Be7 6. O-O O-O 7. Re1 d5 8. cxd5 exd5 9. Ne5 Na6 10. Nc3 Re8 11. Bf4 Bf8 12. Rc1 c5 13. dxc5 Nxc5 14. Nd3 Ne6 15. Be5 Ne4 16. Nb5 a6 17. Nc7 Nxc7 18. Bxc7 Qf6 19. Bxe4 dxe4 20. Nf4 Rac8 21. Qb3 b5 22. e3 Qf5 23. Bb6 g5 24. Ne2 Bd5 25. Nd4 Qe5 26. Qd1 Bb4 27. Rf1 Bxa2 28. Qg4 Be6 29. Nxe6 fxe6 30. Qh5 Be7 31. Rfd1 Qf6 32. Bd4 Qg6 33. Qg4 h5 34. Qe2 Bf6 35. Bxf6 Qxf6 36. Qxh5 Rf8 37. Qe2 Kg7 38. Rd7+ Kg6 39. Rcd1 Rc5 40. Rf1 Rf5 41. Rd2 Rf3 42. Qd1 Qf5 43. Qc2 Rh8 44. Rd4 Qh3 45. Qxe4+ Rf5 46. Qxe6+ 1-0


[Site "https://www.chess.com"]

[Event "Titled Tuesday Blitz September 28 2021"]
[White "Coto Mederos, Michel"]
[Black "Erdogdu, Mert"]
[WhiteFideId "3508528"]
[BlackFideId "6301495"]
[WhiteElo "2427"]
[BlackElo "2485"]
[Result "1/2-1/2"]
[Round "10"]
[TimeControl "180+1"]
[Date "2021.09.28"]
[WhiteClock "0:00:11"]
[BlackClock "0:00:11"]

1. d4 d5 2. c4 e6 3. Nc3 c5 4. e3 Nf6 5. Nf3 a6 6. Bd3 dxc4 7. Bxc4 b5 8. Bd3 Bb7 9. O-O Nbd7 10. b3 Bd6 11. Bb2 Qb8 12. h3 O-O 13. Rc1 Rd8 14. Qe2 Qa7 15. Rfd1 Rac8 16. Bb1 Qa8 17. dxc5 Bxc5 18. a3 Be7 19. Na2 Nc5 20. Rxd8+ Bxd8 21. b4 Na4 22. Bd4 Ne4 23. Rxc8 Qxc8 24. Qc2 Qxc2 25. Bxc2 Bd5 26. Bxa4 bxa4 27. Nc3 Nxc3 28. Bxc3 f6 29. Nd2 e5 30. e4 Be6 31. f3 Kf7 32. Kf1 Bb6 33. Ke2 g5 34. Kd3 h5 35. Bb2 Ke7 36. Nb1 Bd7 37. Nc3 Ke6 38. Nd5 Bb5+ 39. Kd2 Bd8 40. g4 h4 41. Ke1 Bc4 42. Ne3 Bd3 43. Nd5 Bc2 44. Bc3 Bb3 45. Ne3 Bb6 46. Bd2 Bd4 47. Bc1 Bc3+ 48. Kf2 Bd4 49. Ke1 Kd6 50. Nf5+ Ke6 51. Nxd4+ exd4 52. Kd2 Bc4 53. Ke1 Ke5 54. Bd2 Bd3 55. Kf2 Bc2 56. Kg2 Bxe4 57. fxe4 Kxe4 58. Kf2 Kd3 59. Ke1 Kc4 60. Kd1 Kd3 61. Bc1 Ke4 62. Kd2 Kf3 63. Bb2 Kg3 64. Bxd4 Kxh3 65. Bxf6 Kxg4 66. Ke2 Kf4 67. Bd8 h3 68. Kf2 g4 69. Bc7+ Ke4 70. Ke2 Kd4 71. Kd2 Ke4 72. Ke2 Kd5 73. Kd3 Kc6 74. Bg3 Kd5 75. Bh2 Kc6 76. Kc4 Kb6 77. Bg3 Kc6 78. Bh2 Kb6 79. Bf4 Kc6 80. Kd4 Kb5 81. Kd5 a5 82. bxa5 Kxa5 83. Kc5 Ka6 84. Kb4 g3 85. Bxg3 Kb6 86. Bh2 Ka6 87. Kxa4 Kb6 88. Kb4 Ka6 89. a4 Kb6 90. Kc4 Ka6 91. Kb4 Kb6 92. a5+ Ka6 93. Ka4 Kb7 94. Kb5 Ka7 95. a6 Ka8 96. Kb6 1/2-1/2


[Site "https://www.chess.com"]

[Event "Titled Tuesday Blitz September 28 2021"]
[White "Demin, Vladimir"]
[Black "Rustemov, Alexander"]
[WhiteFideId "4167457"]
[BlackFideId "4119002"]
[WhiteElo "2535"]
[BlackElo "2744"]
[Result "0-1"]
[Round "10"]
[TimeControl "180+1"]
[Date "2021.09.28"]
[WhiteClock "0:01:35"]
[BlackClock "0:01:10"]

1. e4 e6 2. d4 d5 3. Bd3 dxe4 4. Bxe4 Nf6 5. Bf3 Be7 6. Ne2 O-O 7. O-O Nbd7 8. Bf4 Bd6 9. Bxd6 cxd6 10. c4 Rb8 11. Nbc3 a6 12. a4 b6 13. Ng3 Qc7 14. Qd3 Bb7 15. Bxb7 Qxb7 16. Nge4 d5 17. cxd5 Nxd5 18. Ng5 N7f6 19. Rfe1 Rfd8 20. Re5 h6 21. Nge4 b5 22. Nc5 Qc6 23. axb5 axb5 24. Ra6 Qe8 25. h3 Nb4 0-1


[Site "https://www.chess.com"]

[Event "Titled Tuesday Blitz September 28 2021"]
[White "Di Nicolantonio, Lucas"]
[Black "Yoo, Christopher Woojin"]
[WhiteFideId "680460"]
[BlackFideId "30909694"]
[WhiteElo "2381"]
[BlackElo "2105"]
[Result "0-1"]
[Round "10"]
[TimeControl "180+1"]
[Date "2021.09.28"]
[WhiteClock "0:00:12"]
[BlackClock "0:00:54"]

1. Nf3 b6 2. e4 Bb7 3. Nc3 e6 4. d4 Bb4 5. Bd3 Nf6 6. Qe2 d5 7. e5 Ne4 8. Bd2 Nxd2 9. Qxd2 c5 10. a3 Bxc3 11. bxc3 Nc6 12. O-O O-O 13. a4 f6 14. Bb5 Rc8 15. Rfe1 a6 16. Bxc6 Rxc6 17. exf6 gxf6 18. Re3 Qd7 19. Rae1 Kh8 20. Qe2 Bc8 21. Nh4 Rg8 22. Qf3 Qg7 23. dxc5 Rxc5 24. h3 Qh6 0-1


[Site "https://www.chess.com"]

[Event "Titled Tuesday Blitz September 28 2021"]
[White "Eynullayev, Atilla"]
[Black "Redzisz, Michal"]
[WhiteFideId "13413570"]
[BlackFideId "21816107"]
[WhiteElo "1997"]
[BlackElo "1935"]
[Result "1/2-1/2"]
[Round "10"]
[TimeControl "180+1"]
[Date "2021.09.28"]
[WhiteClock "0:00:33"]
[BlackClock "0:00:10"]

1. Nf3 Nf6 2. g3 b6 3. Bg2 Bb7 4. O-O g6 5. c4 Bg7 6. Nc3 O-O 7. d4 Ne4 8. Bd2 d6 9. Rc1 Nd7 10. d5 Nxd2 11. Qxd2 Ne5 12. Nxe5 dxe5 13. b4 a5 14. a3 axb4 15. axb4 e6 16. e4 f5 17. c5 bxc5 18. bxc5 exd5 19. exd5 e4 20. c6 Ba6 21. Rfe1 Bd3 22. f3 Bxc3 23. Rxc3 Qxd5 24. fxe4 fxe4 25. Qe3 Rae8 26. Rc5 Qd6 27. Rec1 Re5 28. Rxe5 Qxe5 29. Re1 Re8 30. Bf1 Bxf1 31. Rxf1 Re6 32. Rc1 Qd5 33. Qa7 e3 34. Qb8+ Kg7 35. Qxc7+ Kh6 36. Qf4+ g5 37. Qf8+ Kh5 38. Qf7+ Kg4 39. c7 e2 40. c8=Q Qd4+ 41. Qf2 Qd1+ 42. Qe1 Qd4+ 43. Qf2 Qd1+ 1/2-1/2


[Site "https://www.chess.com"]

[Event "Titled Tuesday Blitz September 28 2021"]
[White "Fier, Alexandr"]
[Black "Warmerdam, Max"]
[WhiteFideId "2107139"]
[BlackFideId "1048104"]
[WhiteElo "2569"]
[BlackElo "2537"]
[Result "0-1"]
[Round "10"]
[TimeControl "180+1"]
[Date "2021.09.28"]
[WhiteClock "0:02:02"]
[BlackClock "0:00:34"]

1. d4 d5 2. c4 e6 3. Nc3 a6 4. c5 Nc6 5. Nf3 e5 6. dxe5 d4 7. Na4 Bf5 8. e3 dxe3 9. Bxe3 Qxd1+ 10. Kxd1 O-O-O 11. Kc1 Nh6 12. h3 Be4 13. Be2 Nf5 14. Bf4 Bxf3 15. Bxf3 Rd4 16. Bd2 Rxa4 17. Bc3 Bxc5 18. g3 Bd4 19. Bd2 Nxe5 0-1


[Site "https://www.chess.com"]

[Event "Titled Tuesday Blitz September 28 2021"]
[White "Gabrielian, Artur"]
[Black "Pires, Marcos Vinicius Torsani"]
[WhiteFideId "4131002"]
[BlackFideId "2118939"]
[WhiteElo "2489"]
[BlackElo "2273"]
[Result "1-0"]
[Round "10"]
[TimeControl "180+1"]
[Date "2021.09.28"]
[WhiteClock "0:01:19"]
[BlackClock "0:00:45"]

1. d4 Nf6 2. c4 g6 3. Nc3 Bg7 4. e4 d6 5. f3 O-O 6. Be3 c5 7. Nge2 cxd4 8. Nxd4 Nc6 9. Be2 Bd7 10. O-O Nxd4 11. Bxd4 a5 12. Qd2 Bc6 13. b3 Nd7 14. Bf2 Nc5 15. Rab1 e6 16. Rfd1 Be5 17. Nb5 Bxb5 18. cxb5 Qf6 19. g3 Rfd8 20. Kg2 b6 21. Bc4 Qg7 22. Qe2 Rac8 23. Rbc1 Bb2 24. Rc2 Be5 25. Rcd2 g5 26. Be3 h6 27. Kh1 Bc3 28. Rxd6 Rxd6 29. Rxd6 Qe5 30. Rxb6 Bd4 31. Rc6 Rb8 32. Qd2 Bxe3 33. Qxe3 Qa1+ 34. Kg2 Qxa2+ 35. Qf2 Qxf2+ 36. Kxf2 Nd7 37. Ra6 Ne5 38. Rxa5 Rd8 39. Ke2 g4 40. fxg4 Nxg4 41. b6 Ne5 42. Rxe5 1-0


[Site "https://www.chess.com"]